 Dungeon Crawl Stone Soup version 0.22-a0-443-g17c3723 (webtiles) character file.

154540 DrEnzyme the Cleaver (level 16, 0/150 (152) HPs)
             Began as a Demonspawn Chaos Knight on May 30, 2018.
             Killed from afar by a deep elf knight (34 damage)
             ... with an orb of energy
             ... on level 2 of the Elven Halls on May 31, 2018.
             The game lasted 06:26:30 (44948 turns).

DrEnzyme the Cleaver (Demonspawn Chaos Knight)     Turns: 44948, Time: 06:26:36

HP:   0/150 (152)   AC: 20    Str: 23    XL:     16   Next: 78%
MP:   30/30         EV: 19    Int: 18    God:    Xom [...*..]
Gold: 2163          SH:  0    Dex: 22    Spells: 2/31 levels left

rFire    . . .     SeeInvis +   a - +3 battleaxe (flame)
rCold    + . .     Gourm    .   (shield currently unavailable)
rNeg     + + .     Faith    .   h - +2 scale mail "Roatroyd" {rElec rCorr Str+5 Int-4}
rPois    .         Spirit   .   (helmet unavailable)
rElec    +         Reflect  .   g - +2 cloak
rCorr    +         Harm     .   E - +2 pair of gloves
MR       +....                  d - +2 pair of boots
Stlth    ++++......             G - amulet "Penaosoc" {rC- rN++ Regen+ Int+9}
HPRegen  1.75/turn              r - ring of wizardry
MPRegen  0.22/turn              j - +2 ring of strength

@: agile, very slightly contaminated, regenerating, studying Transmutations,
drained
A: antennae 3, yellow scales 2, camouflage 1, cold resistance 2, deformed body,
demonic guardian 2, high mp 1, mutation resistance 1, powered by pain 3, robust
2, screaming 1, electricity resistance, wild magic 1
}: 1/15 runes: decaying
a: Renounce Religion


You were on level 2 of the Elven Halls.
You worshipped Xom.
You were a favourite toy of Xom.
You were not hungry.

You visited 5 branches of the dungeon, and saw 28 of its levels.
You also visited: Ice Cave.

You collected 5483 gold pieces.
You spent 3320 gold pieces at shops.

Inventory:

Hand Weapons
 a - a +3 battleaxe of flaming (weapon)
 b - a +2 fustibalus of flaming
 c - a +2 battleaxe of freezing
 C - the +8 hand crossbow "Cipooski" {freeze, rElec Str+5 Dex-2 SInv}
   (You bought it in a shop on level 1 of the Elven Halls)

   It causes projectiles fired from it to freeze those they strike, causing
   extra injury to most foes and up to half again as much damage against
   particularly susceptible opponents.
   They can also slow down cold-blooded creatures.
   It affects your strength (+5).
   It affects your dexterity (-2).
   It insulates you from electricity.
   It lets you see invisible.
 I - a +1 executioner's axe of protection
 R - the +5 halberd of the Sun {chop, rC+ rN+}
   (You found it in an ice cave)

   It inflicts extra damage upon your enemies.
   It protects you from cold.
   It protects you from negative energy.
Missiles
 v - 8 javelins (quivered)
 w - 72 sling bullets
Armour
 d - a +2 pair of boots (worn)
 g - a +2 cloak (worn)
 h - the +2 scale mail "Roatroyd" (worn) {rElec rCorr Str+5 Int-4}
   (You found it on level 2 of the Lair of Beasts)

   It affects your strength (+5).
   It affects your intelligence (-4).
   It insulates you from electricity.
   It protects you from acid and corrosion.
 E - a +2 pair of gloves (worn)
Jewellery
 j - a +2 ring of strength (right hand)
 r - a ring of wizardry (left hand)
 z - an uncursed ring of protection from fire
 G - the amulet "Penaosoc" (around neck) {rC- rN++ Regen+ Int+9}
   (You acquired it on level 2 of the Orcish Mines)

   [amulet of regeneration]

   It affects your intelligence (+9).
   It makes you vulnerable to cold.
   It greatly protects you from negative energy.
   It increases your rate of regeneration.
 T - an uncursed ring of ice
Wands
 n - a wand of acid (18)
 p - a wand of enslavement (13)
 y - a wand of scattershot (8)
 A - a wand of flame (4)
 J - a wand of iceblast (7)
 P - a wand of digging (10)
 Z - a wand of paralysis (47)
Scrolls
 f - 11 scrolls of fear
 i - 2 scrolls of identify
 k - 7 scrolls of teleportation
 m - 4 scrolls of magic mapping
 o - 10 scrolls of remove curse
 s - a scroll of enchant armour
 u - 6 scrolls of amnesia
 L - 4 scrolls of fog
 M - 3 scrolls of blinking
 X - 2 scrolls of immolation
Potions
 l - a potion of ambrosia
 q - a potion of resistance
 t - 4 potions of brilliance
 x - a potion of lignification
 D - a potion of flight
 H - a potion of might
 N - a potion of agility
 W - 2 potions of curing
Books
 S - a manual of Transmutations
Miscellaneous
 e - a lamp of fire
Comestibles
 K - 21 rations


   Skills:
 * Level 12.0(11.7) Fighting
   Level 1.5(1.3) Long Blades
 * Level 14.0(14.1) Axes
 - Level 5.9(10.7) Polearms
 + Level 9.0(8.9) Slings
 + Level 2.3(5.9) Throwing
 * Level 10.1(9.8) Armour
 + Level 5.6(5.4) Dodging
 + Level 5.8(5.6) Stealth
   Level 0.1(0.0) Shields
 + Level 8.1(7.9) Spellcasting
 + Level 2.1(1.9) Conjurations
 - Level 6.0(5.7) Hexes
 - Level 1.8(1.5) Charms
 * Level 10.2(9.9) Necromancy
 - Level 1.8(1.6) Transmutations
 + Level 0.9(0.7) Fire Magic
 * Level 7.7(7.4) Evocations


You had 2 spell levels left.
You knew the following spells:

 Your Spells              Type           Power        Failure   Level  Hunger
a - Portal Projectile     Hex/Tloc       ###...       11%         3    #......
b - Excruciating Wounds   Chrm/Necr      #####.....   26%         5    #####..
c - Regeneration          Chrm/Necr      #####.....   4%          3    #......
d - Animate Dead          Necr           N/A          2%          4    ###....
e - Vampiric Draining     Necr           ######....   1%          3    #......
f - Tukima's Dance        Hex            #####...     4%          3    #......
g - Blink                 Tloc           N/A          17%         2    None
h - Dazzling Spray        Conj/Hex       ####..       8%          3    #......
i - Conjure Flame         Conj/Fire      ###.....     21%         3    #......

Your spell library contained the following spells:

 Spells                   Type           Power        Failure   Level  Hunger
 Cause Fear               Hex            #####.....   11%         4    ###....
 Magic Dart               Conj           ###.         6%          1    None
 Fireball                 Conj/Fire      ###.......   82%         5    #####..
 Bolt of Magma            Conj/Fire/Erth ##........   86%         5    #####..
 Slow                     Hex            #####...     2%          2    None
 Confuse                  Hex            #####...     4%          3    #......
 Throw Flame              Conj/Fire      ###...       11%         2    None
 Mephitic Cloud           Conj/Pois/Air  ##......     24%         3    #......
 Bolt of Draining         Conj/Necr      #####.....   26%         5    #####..
 Iskenderun's Mystic Bla  Conj           ###.....     41%         4    ###....
 Pain                     Necr           ####         1%          1    None
 Animate Skeleton         Necr           N/A          1%          1    None
 Sticky Flame             Conj/Fire      ###.....     50%         4    ###....
 Call Imp                 Summ           #.......     17%         2    None
 Iron Shot                Conj/Erth      ##........   100%        6    ######.
 Statue Form              Tmut/Erth      ##.......    100%        6    ######.
 Dragon Form              Tmut           ###.......   100%        7    #######
 Confusing Touch          Hex            #####.       1%          1    None
 Flame Tongue             Conj/Fire      ###..        7%          1    None
 Ensorcelled Hibernation  Hex/Ice        ###...       6%          2    None
 Metabolic Englaciation   Hex/Ice        ###.......   61%         5    #####..
 Shatter                  Erth           #.........   100%        9    #######
 Corona                   Hex            #####..      1%          1    None
 Petrify                  Tmut/Erth      ##......     56%         4    ###....
 Leda's Liquefaction      Hex/Erth       ###.......   32%         4    ###....
 Inner Flame              Hex/Fire       ###.....     10%         3    #......
 Fulminant Prism          Conj/Hex       ####......   21%         4    ###....
 Force Lance              Conj/Tloc      ##......     52%         4    ###....
 Searing Ray              Conj           ###...       9%          2    None
 Hydra Form               Tmut           ###.......   99%         6    ######.
 Irradiate                Conj/Tmut      ###.......   75%         5    #####..
 Gell's Gravitas          Tloc           #.........   32%         3    #......
 Yara's Violent Unravell  Hex/Tmut       ####......   50%         5    #####..


Dungeon Overview and Level Annotations

Branches:
Dungeon (14/15)            Temple (0/1) D:6            Lair (6/6) D:11
  Swamp (4/4) Lair:4        Snake (0/4) Lair:4        Slime (0/5) Lair:6
    Orc (2/2) D:10            Elf (2/3) Orc:2        Vaults (0/5) D:14

Altars:
Ashenzari
Cheibriados
Fedhas
Makhleb
Nemelex Xobeh
Ru
Trog
Wu Jian
Xom
Yredelemnul

Shops:
D:4 !:   D:8 :   D:13 (   Orc:1 (   Orc:2 (%?(   Elf:1 ?(*

Annotations:
D:3 exclusion: downstairs
D:5 exclusion: downstairs
D:6 Duvessa; Loudmushroom's ghost, novice MiBe
D:7 exclusion: downstairs
D:10 2 runed doors, exclusion: 2 doors
D:14 exclusion: 4 doors
Lair:5 exclusion: downstairs
Lair:6 exclusions: door and 1 more exclusion
Swamp:2 exclusion: downstairs
Orc:1 exclusion: downstairs
Elf:1 exclusion: downstairs


Innate Abilities, Weirdness & Mutations

You have a pair of large antennae on your head. (SInv)
You are mostly covered in yellow scales. (AC +3)
Your flesh is very cold resistant. (rC++)
A demonic guardian rushes to your aid.
You are powered by pain.
Your skin changes colour to match your surroundings (Stealth+).
Armour fits poorly on your strangely shaped body.
You have an increased reservoir of magic. (+10% MP)
You are somewhat resistant to further mutation.
You are very robust. (+20% HP)
You occasionally shout uncontrollably at your foes.
You are resistant to electric shocks. (rElec)
Your spells are a little harder to cast, but a little more powerful.


Message History

The deep elf archer shoots an arrow.
The arrow hits you!
The deep elf archer blinks!
Things that are here:
a short sword; a buckler The deep elf archer shoots an arrow.
The arrow hits you!!
* * * LOW HITPOINT WARNING * * *
You focus on the pain.
You feel your power returning.
Things that are here:
2 arrows; an elf corpse
Things that are here:
a short sword; a buckler You slash the deep elf knight!
You burn the deep elf knight.
The deep elf knight is moderately wounded.
Your sixfirhy hits the deep elf knight!
Your sixfirhy shocks the deep elf knight!
Your sixfirhy closely misses the deep elf knight.
The deep elf knight casts a spell at you.
The orb of energy hits you!
You die... "What!?
That's it?"

### #### # ##.###§.# #.
#..<##@§###
...########..(§e3...####
......)...)...§§.§.....#
∆
...########.e.##..#.###.
.. #.).##..##.# #
#[.(###.# #.. ∆ #...#
#.# #.. ##.## .## .. #.#
#


You could see a deep elf archer, a deep elf knight and a friendly sixfirhy.

Vanquished Creatures
  Bai Suzhen (Swamp:3)
  Nikola (Elf:1)
  3 thorn hunters
  Gastronok (Lair:1)
  Roxanne (Swamp:3)
  A deep elf death mage (Elf:2)
  Snorg (Lair:6)
  11 hydras
  4 vault guards (D:14)
  3 ghost crabs
  2 centaur warriors (D:13)
  A tengu warrior (D:14)
  4 dancing weapons
  7 alligators
  A two-headed ogre (D:12)
  A small abomination (Elf:2)
  2 orc high priests (Orc:2)
  4 deep elf knights
  A skeletal warrior (D:14)
  2 unseen horrors
  A spectral hydra (Swamp:4)
  2 swamp dragons
  2 wizards
  7 deep elf archers (Elf:1)
  3 shambling mangroves
  A wolf spider zombie (D:14)
  A harpy (shapeshifter) (D:14)
  2 phantasmal warriors (Swamp:4)
  A manticore (D:14)
  3 orc sorcerers (Orc:2)
  18 deep elf magi
  A large abomination (Elf:1)
  A cyclops (D:14)
  3 elephants
  Joseph (D:8)
  A salamander (Elf:2)
  2 black mambas
  16 spiny frogs
  6 swamp worm zombies (Swamp:4)
  5 komodo dragons
  A yaktaur (shapeshifter) (Elf:2)
  A rime drake (shapeshifter) (Elf:1)
  A freezing wraith (D:14)
  An ice devil (Lair:3)
  2 rime drakes
  6 trolls
  16 hornets
  7 polar bears (IceCv)
  5 hydra zombies (Swamp:4)
  7 tyrant leeches
  14 slime creatures
  12 blink frogs
  An alligator zombie (Swamp:4)
  10 bog bodies
  13 hippogriffs
  2 spectral swamp dragons (Swamp:4)
  3 spriggans (Swamp:4)
  3 shadows
  A centaur simulacrum (D:10)
  3 wraiths
  A spriggan (shapeshifter) (D:11)
  4 wyverns
  2 vampires
  23 yaks
  2 fire elementals (Elf:1)
  A water elemental (Elf:1)
  A golden eye (Lair:5)
  2 basilisks
  Eustachio (D:4)
  5 hungry ghosts
  3 steam dragons
  14 vampire mosquitoes
  4 wargs
  18 insubstantial wisps
  10 swamp worms
  An acid dragon (D:13)
  A soldier ant (D:13)
  5 water moccasins
  A hell hound (Lair:6)
  9 porcupines
  4 swamp drakes
  14 orc warriors
  6 ice beasts
  3 sky beasts
  2 swamp dragon zombies (Swamp:4)
  16 wolves
  11 ogres
  9 phantoms
  The ghost of vykuza the Grave Robber, an amateur DDNe (D:3)
  A tengu (Lair:3)
  5 centaurs
  4 crocodiles
  2 big kobolds
  3 gnoll sergeants (D:10)
  A bullfrog (shapeshifter) (D:8)
  4 elf zombies (Elf:1)
  12 bullfrogs
  An earth elemental (Elf:2)
  2 wyvern zombies
  7 scorpions
  Dowan (D:6)
  19 killer bees (D:9)
  6 wights
  6 howler monkeys
  7 electric eels
  4 crimson imps
  A quasit (D:9)
  5 hounds
  4 jellies
  A bullfrog zombie (D:10)
  3 centaur skeletons
  18 orc priests
  4 iguanas
  An iguana (shapeshifter) (Lair:1)
  14 orc wizards
  3 spectral swamp drakes (Swamp:4)
  7 hell rats (Lair:1)
  7 worker ants
  A killer bee zombie (D:8)
  A bullfrog simulacrum (D:10)
  A hound zombie (D:10)
  3 worker ant zombies
  9 gnolls
  15 river rats (Lair:1)
  A swamp drake zombie (Swamp:4)
  4 adders
  5 shadow imps
  5 white imps (D:10)
  An ufetubus (D:10)
  3 adder zombies
  An ooze (D:2)
  An adder skeleton (D:6)
  3 worms
  3 dart slugs
  3 leopard geckos
  51 orcs
  5 giant cockroaches
  10 goblins
  9 hobgoblins
  10 jackals
  6 kobolds
  9 quokkas
  A ball python (D:2)
  8 bats
  2 frilled lizards
  18 rats
  7 fungi
  A plant (Lair:5)
762 creatures vanquished.

Vanquished Creatures (collateral kills)
  A bone dragon (Swamp:4)
  A deep elf annihilator (Elf:1)
  A deep elf death mage (Elf:1)
  Harold (D:10)
  Fannar (Lair:3)
  9 hydras
  2 ghost crabs
  A hydra (shapeshifter) (IceCv)
  4 vault guards (D:14)
  Erica (Lair:1)
  A two-headed ogre (D:11)
  An alligator (Swamp:2)
  An orc high priest (Orc:2)
  A tengu warrior (D:14)
  2 skeletal warriors (D:14)
  An unseen horror (D:12)
  2 deep elf archers (Elf:2)
  A shambling mangrove (Swamp:2)
  A spectral hydra (Swamp:4)
  A necromancer (Elf:1)
  5 orc knights
  3 orc sorcerers (Orc:2)
  8 deep elf magi
  An ugly thing (D:10)
  A cyclops (D:11)
  A slime creature (Swamp:4)
  2 elephants
  An ice statue (IceCv)
  A centaur zombie (D:11)
  2 black mambas
  2 rime drakes (Lair:6)
  6 spiny frogs
  An ice devil (Lair:3)
  2 komodo dragons (Lair:6)
  A queen bee (D:9)
  4 polar bears
  8 blink frogs
  A hornet (Swamp:4)
  A troll (Orc:1)
  2 bog bodies
  5 hippogriffs
  A slime creature (shapeshifter) (Lair:4)
  A shadow (Swamp:3)
  A wyvern (Lair:4)
  25 yaks
  Menkaure (D:5)
  A warg (shapeshifter) (D:9)
  2 swamp worms
  2 insubstantial wisps (Swamp:4)
  An acid dragon (D:14)
  5 water moccasins
  A large abomination (Elf:1)
  2 swamp drakes
  5 orc warriors
  2 ice beasts
  A sky beast (D:8)
  2 phantoms (Swamp:4)
  A tengu (shapeshifter) (IceCv)
  7 wolves
  An ogre (D:7)
  2 centaurs (D:13)
  3 crocodiles
  2 bullfrogs
  A gnoll sergeant (D:10)
  A killer bee (D:9)
  A wight (D:10)
  A howler monkey (D:4)
  A crimson imp (D:5)
  A hound (D:4)
  A jelly (D:9)
  4 orc priests
  8 orc wizards
  A worker ant (D:4)
  A hound skeleton (D:5)
  An adder (D:4)
  8 gnolls
  2 leopard geckos
  11 orcs
  4 jackals (D:4)
  2 kobolds
  A fungus (Lair:4)
  2 plants
213 creatures vanquished.

Vanquished Creatures (others)
  An alligator (Swamp:3)
  The ghost of Expolaris the Basher, a novice HOFi of Cheibriados (D:7)
  A deep elf knight (Elf:2)
  A deep elf mage (Elf:1)
  2 polar bears (IceCv)
  2 tyrant leeches (Swamp:4)
  19 dancing weapons
  An orc warrior (D:9)
  A wolf (IceCv)
  A crimson imp (D:7)
  An orc priest (Orc:2)
  8 fungi
  4 plants
43 creatures vanquished.

Grand Total: 1018 creatures vanquished

Notes
Turn   | Place    | Note
-------+----------+-------------------------------------------
     0 | D:1      | DrEnzyme the Demonspawn Chaos Knight began the quest for the Orb.
     0 | D:1      | Reached XP level 1. HP: 18/18 MP: 1/1
   105 | D:1      | XOM: harmless Summ miscast
   258 | D:1      | XOM: divination: detect creatures
   332 | D:1      | XOM: god gift: ring mail {god gift}
   364 | D:1      | Reached skill level 1 in Dodging
   364 | D:1      | Gained mutation: You sometimes gain a little power by taking damage. [demonic ancestry]
   364 | D:1      | Reached XP level 2. HP: 17/24 MP: 2/2
   414 | D:1      | XOM: scenery: create altars
   492 | D:1      | Reached skill level 3 in Axes
   563 | D:1      | XOM: summons friendly ufetubus
   586 | D:1      | XOM: god gift: blowgun {god gift}
   986 | D:2      | Gained mutation: You sometimes gain power by taking damage. [demonic ancestry]
   986 | D:2      | Reached XP level 3. HP: 29/29 MP: 3/3
  1174 | D:2      | Reached skill level 1 in Throwing
  1240 | D:2      | Found a sacrificial altar of Ru.
  1250 | D:2      | XOM: confuse monster(s)
  1301 | D:2      | XOM: polymorph giant cockroach -> rat
  1361 | D:2      | Reached skill level 1 in Slings
  1361 | D:2      | Gained mutation: A weak demonic guardian rushes to your aid. [demonic ancestry]
  1361 | D:2      | Reached XP level 4. HP: 27/35 MP: 4/4
  1455 | D:2      | XOM: mild Fire miscast
  1553 | D:2      | XOM: divination: magic mapping
  1569 | D:2      | XOM: 1-stop teleportation journey
  1906 | D:3      | Noticed vykuza's ghost (amateur DDNe)
  1926 | D:3      | Killed vykuza's ghost
  1926 | D:3      | Reached XP level 5. HP: 24/42 MP: 5/5
  2380 | D:3      | XOM: god gift: worn gold wand {god gift}
  2437 | D:3      | XOM: stat loss: -1 Int (12/13)
  2542 | D:3      | Found a snail-covered altar of Cheibriados.
  2732 | D:4      | Noticed Eustachio
  2776 | D:4      | XOM: mild Air miscast
  2827 | D:4      | Reached skill level 4 in Axes
  2893 | D:3      | XOM: cloud trail
  2968 | D:4      | Found Ofuy's Distillery.
  3080 | D:4      | Bought a potion of heal wounds for 55 gold pieces
  3080 | D:4      | Bought a potion of degeneration for 11 gold pieces
  3080 | D:4      | Bought a potion of haste for 110 gold pieces
  3134 | D:4      | XOM: cast spell 'Summon Ice Beast'
  3139 | D:4      | Reached XP level 6. HP: 43/48 MP: 6/6
  3216 | D:4      | XOM: potion effect (berserk rage)
  3224 | D:4      | Killed Eustachio
  3351 | D:4      | Found Kafoix's Book Shoppe.
  3351 | D:4      | XOM: summons friendly quasit
  3395 | D:4      | XOM: confuse monster(s)
  3404 | D:4      | Gained mutation: You are partially covered in yellow scales. (AC +2) [demonic ancestry]
  3404 | D:4      | Reached XP level 7. HP: 40/55 MP: 7/7
  3450 | D:4      | XOM: swap monsters
  3459 | D:4      | Reached skill level 5 in Axes
  3551 | D:4      | XOM: noise
  3596 | D:4      | You fall through a shaft for 3 floors!
  3596 | D:7      | Noticed Expolaris's ghost (novice HOFi)
  3636 | D:7      | XOM: divination: magic mapping
  3643 | D:7      | XOM: potion effect (haste)
  3649 | D:7      | Reached skill level 1 in Stealth
  3711 | D:7      | XOM: potion effect (brilliance)
  3718 | D:7      | XOM: scenery: 1 doors close
  4032 | D:6      | XOM: god gift: ration
  4285 | D:5      | Entered Level 5 of the Dungeon
  4351 | D:4      | XOM: enchant monster (good)
  4366 | D:4      | XOM: smoke on damage
  4386 | D:4      | Reached skill level 5 in Fighting
  4386 | D:4      | Reached skill level 6 in Axes
  4386 | D:4      | Gained mutation: You have a pair of small antennae on your head. [demonic ancestry]
  4386 | D:4      | Reached XP level 8. HP: 56/62 MP: 8/8
  4530 | D:5      | XOM: cloud trail
  5076 | D:5      | Noticed Menkaure
  5076 | D:5      | XOM: summons 8 friendly demons
  5089 | D:5      | Killed Menkaure
  5109 | D:5      | XOM: blink monster(s)
  5154 | D:4      | XOM: divination: magic mapping
  5521 | D:5      | XOM: give mutations
  5521 | D:5      | Gained mutation: You are clumsy. (Dex -2) [Xom's mischief]
  5521 | D:5      | Gained mutation: You are weak. (Str -2) [Xom's mischief]
  5578 | D:5      | XOM: give mutation
  5578 | D:5      | Gained mutation: You are frail. (-10% HP) [Xom's mischief]
  5785 | D:6      | XOM: noise
  5799 | D:6      | XOM: 4-stop teleportation journey
  5799 | D:6      | Noticed Duvessa
  5799 | D:6      | Noticed Dowan
  5868 | D:6      | Found a staircase to the Ecumenical Temple.
  6000 | D:6      | XOM: draining
  6015 | D:6      | Lost mutation: You are frail. (-10% HP) [potion of mutation]
  6015 | D:6      | Lost mutation: You are clumsy. (Dex -2) [potion of mutation]
  6015 | D:6      | Lost mutation: You are weak. (Str -2) [potion of mutation]
  6015 | D:6      | Gained mutation: You are frail. (-10% HP) [potion of mutation]
  6015 | D:6      | Gained mutation: You are weak. (Str -2) [potion of mutation]
  6015 | D:6      | Gained mutation: You possess an exceptional clarity of mind. [potion of mutation]
  6016 | D:6      | Lost mutation: You possess an exceptional clarity of mind. [potion of mutation]
  6016 | D:6      | Lost mutation: You are frail. (-10% HP) [potion of mutation]
  6016 | D:6      | Gained mutation: Your spells are a little harder to cast, but a little more powerful. [potion of mutation]
  6016 | D:6      | Gained mutation: You passively map a small area around you. [potion of mutation]
  6016 | D:6      | Gained mutation: Your spells are harder to cast, but more powerful. [potion of mutation]
  6027 | D:6      | Found a shimmering altar of Xom.
  6193 | D:6      | XOM: scenery: create altars
  6200 | D:6      | Killed Dowan
  6324 | D:6      | XOM: 9-stop teleportation journey
  6346 | D:6      | XOM: harmless Pois miscast
  6372 | D:6      | XOM: give mutations
  6372 | D:6      | Lost mutation: You passively map a small area around you. [Xom's mischief]
  6372 | D:6      | Lost mutation: You are weak. (Str -2) [Xom's mischief]
  6372 | D:6      | Gained mutation: Your body sometimes deteriorates upon taking damage. [Xom's mischief]
  6570 | D:6      | XOM: polymorph white imp -> shadow imp
  6582 | D:6      | Noticed Loudmushroom's ghost (novice MiBe)
  6599 | D:6      | XOM: give mutations
  6599 | D:6      | Gained mutation: You are somewhat resistant to further mutation. [Xom's grace]
  6599 | D:6      | Gained mutation: You expend magic power (3 MP) to strengthen your wands. [Xom's grace]
  6599 | D:6      | Gained mutation: You are somewhat resistant to both further mutation and mutation removal. [Xom's grace]
  6721 | D:5      | XOM: mild Tmut miscast
  7000 | D:7      | XOM: cast spell 'Alistair's Intoxication'
  7007 | D:7      | Gained mutation: You are mostly covered in yellow scales. (AC +3) [demonic ancestry]
  7007 | D:7      | Reached XP level 9. HP: 61/69 MP: 9/9
  7032 | D:7      | XOM: cast spell 'Cause Fear'
  7307 | D:7      | XOM: stat loss: -1 Dex (15/16)
  7343 | D:7      | XOM: stat loss: -1 Str (11/13)
  7348 | D:7      | Banished Expolaris's ghost
  7779 | D:8      | XOM: harmless Pois miscast
  7902 | D:8      | Noticed Joseph
  7904 | D:8      | Reached skill level 1 in Spellcasting
  7935 | D:8      | Killed Joseph
  7935 | D:8      | Reached skill level 7 in Axes
  8377 | D:8      | XOM: confuse monster(s)
  8612 | D:8      | XOM: polymorph quasit -> white imp
  8617 | D:8      | XOM: destruction
  8768 | D:8      | Found Hyeczalim's Book Boutique.
  8949 | D:8      | XOM: summons 1 hostile demon
  9299 | D:9      | Reached skill level 5 in Armour
  9299 | D:9      | Reached skill level 5 in Slings
  9418 | D:9      | Found an ornate altar of the Wu Jian Council.
  9425 | D:9      | Found a basalt altar of Yredelemnul.
  9439 | D:9      | Found a shattered altar of Ashenzari.
  9442 | D:9      | Found a bloodstained altar of Trog.
  9486 | D:9      | Noticed Erolcha
  9489 | D:9      | XOM: 8-stop teleportation journey
  9497 | D:9      | XOM: butterfly on damage
  9532 | D:9      | XOM: summons 5 friendly demons
  9533 | D:9      | XOM: potion effect (invisibility)
  9534 | D:9      | Erolcha changed into Erolcha the warg
  9803 | D:9      | XOM: summons 4 hostile demons
  9812 | D:9      | Gained mutation: A demonic guardian rushes to your aid. [demonic ancestry]
  9812 | D:9      | Reached XP level 10. HP: 41/77 MP: 4/13
  9829 | D:9      | XOM: give mutations
  9829 | D:9      | Lost mutation: You are somewhat resistant to both further mutation and mutation removal. [Xom's grace]
  9829 | D:9      | Lost mutation: You are somewhat resistant to further mutation. [Xom's grace]
  9829 | D:9      | Gained mutation: You evolve. [Xom's grace]
  9829 | D:9      | Gained mutation: You are robust. (+10% HP) [Xom's grace]
  9829 | D:9      | Gained mutation: You have sharp toenails. [Xom's grace]
  9829 | D:9      | Gained mutation: You are agile. (Dex +2) [Xom's grace]
  9980 | D:9      | XOM: 1-stop teleportation journey
  9985 | D:9      | XOM: confusion
 10115 | D:9      | XOM: medium Hex miscast
 10192 | D:9      | XOM: confuse monster(s)
 10200 | D:9      | XOM: swap monsters
 10216 | D:9      | XOM: noise
 10223 | D:9      | Reached skill level 8 in Axes
 10293 | D:9      | XOM: enchant monster (good)
 10374 | D:9      | XOM: enchant monster (bad)
 10545 | D:9      | Reached skill level 1 in Evocations
 10647 | D:9      | XOM: harmless Pois miscast
 10786 | D:9      | Found a sparkling altar of Nemelex Xobeh.
 11044 | D:10     | Entered Level 10 of the Dungeon
 11300 | D:10     | Learned a level 2 spell: Ensorcelled Hibernation
 11304 | D:10     | Learned a level 3 spell: Confuse
 11315 | D:10     | XOM: noise
 11688 | D:4      | Bought a book of Necromancy for 300 gold pieces
 11692 | D:4      | Learned a level 3 spell: Regeneration
 11697 | D:4      | Learned a level 4 spell: Animate Dead
 11880 | D:10     | XOM: cloud trail
 11990 | D:10     | XOM: give mutation
 11990 | D:10     | Gained mutation: You are dopey. (Int -2) [Xom's mischief]
 12247 | D:10     | Found a runed door.
 12250 | D:10     | Noticed an ice dragon
 12251 | D:10     | Found the +2 shield of Resistance {rF+ rC+ MR+}
 12251 | D:10     | Noticed a fire dragon
 12252 | D:10     | Noticed a fire dragon
 12252 | D:10     | Noticed an ice dragon
 12254 | D:10     | Found a runed door.
 12386 | D:10     | Reached skill level 9 in Axes
 12615 | D:10     | Noticed Harold
 12626 | D:10     | Gained mutation: Your skin changes colour to match your surroundings (Stealth+). [evolution]
 12638 | D:10     | XOM: swap monsters
 12649 | D:10     | Killed Harold
 12649 | D:10     | Reached skill level 1 in Hexes
 12649 | D:10     | Reached skill level 1 in Necromancy
 12729 | D:10     | XOM: mild Air miscast
 12778 | D:10     | XOM: give mutations
 12778 | D:10     | Gained mutation: Scrolls take you a little longer to read. [Xom's mischief]
 12778 | D:10     | Lost mutation: Your body sometimes deteriorates upon taking damage. [Xom's mischief]
 12778 | D:10     | Gained mutation: Scrolls take you longer to read. [Xom's mischief]
 12778 | D:10     | Gained mutation: Scrolls take you much longer to read. [Xom's mischief]
 13146 | D:11     | Noticed a two-headed ogre
 13153 | D:11     | Killed a two-headed ogre
 13217 | D:11     | Found a staircase to the Lair.
 13242 | D:11     | Noticed a brown ugly thing
 13244 | D:11     | Found a blossoming altar of Fedhas.
 13262 | D:11     | XOM: blink monster(s)
 13281 | D:11     | XOM: swap monsters
 13300 | D:10     | Killed a brown ugly thing
 13442 | D:10     | XOM: severe Ice miscast
 13575 | D:11     | Gained mutation: You have a pair of antennae on your head. [demonic ancestry]
 13575 | D:11     | Reached XP level 11. HP: 73/92 MP: 11/15
 13742 | D:11     | Noticed a six-headed hydra
 13982 | D:11     | XOM: 4-stop teleportation journey
 13986 | D:11     | XOM: summons 2 hostile demons
 14074 | D:11     | XOM: noise
 14135 | D:10     | XOM: summons 5 hostile demons
 14708 | D:11     | XOM: harmless Hex miscast
 14902 | Lair:1   | Entered Level 1 of the Lair of Beasts
 14902 | Lair:1   | Noticed Gastronok
 15318 | Lair:1   | XOM: summons 4 hostile demons
 15402 | Lair:1   | XOM: scenery: create altars
 15489 | Lair:1   | XOM: harmless Hex miscast
 15657 | Lair:1   | Noticed Erica
 15922 | Lair:1   | Killed Erica
 15941 | Lair:1   | XOM: give mutation
 15941 | Lair:1   | Lost mutation: Scrolls take you much longer to read. [Xom's mischief]
 16167 | Lair:1   | XOM: give mutations
 16167 | Lair:1   | Gained mutation: You passively map a small area around you. [Xom's grace]
 16167 | Lair:1   | Gained mutation: Your spells are much harder to cast, but much more powerful. [Xom's grace]
 16167 | Lair:1   | Gained mutation: You passively map the area around you. [Xom's grace]
 16167 | Lair:1   | Gained mutation: You are resistant to hostile enchantments. (MR+) [Xom's grace]
 16258 | Lair:1   | Reached skill level 10 in Axes
 16286 | Lair:1   | XOM: give mutations
 16286 | Lair:1   | Lost mutation: You are dopey. (Int -2) [Xom's grace]
 16286 | Lair:1   | Gained mutation: Your flesh is heat resistant. (rF+) [Xom's grace]
 16286 | Lair:1   | Gained mutation: Your flesh is cold resistant. (rC+) [Xom's grace]
 16712 | Lair:1   | Learned a level 3 spell: Vampiric Draining
 16882 | Lair:2   | XOM: give mutations
 16882 | Lair:2   | Lost mutation: Your flesh is heat resistant. (rF+) [Xom's mischief]
 16882 | Lair:2   | Lost mutation: You are agile. (Dex +2) [Xom's mischief]
 16882 | Lair:2   | Lost mutation: You passively map the area around you. [Xom's mischief]
 16882 | Lair:2   | Lost mutation: You are robust. (+10% HP) [Xom's mischief]
 17006 | Lair:2   | XOM: polymorph bullfrog -> big kobold
 17156 | Lair:2   | Learned a level 3 spell: Tukima's Dance
 17850 | Lair:2   | XOM: give mutations
 17850 | Lair:2   | Gained mutation: You are resistant to electric shocks. (rElec) [Xom's grace]
 17850 | Lair:2   | Gained mutation: You possess an exceptional clarity of mind. [Xom's grace]
 17850 | Lair:2   | Gained mutation: You have razor-sharp toenails. [Xom's grace]
 17905 | Lair:2   | Got an ichor-stained scale mail
 17908 | Lair:2   | Identified the +2 scale mail "Roatroyd" {rElec rCorr Str+5 Int-4} (You found it on level 2 of the Lair of Beasts)
 18394 | Lair:3   | XOM: noise
 18457 | Lair:3   | XOM: summons 6 friendly demons
 18458 | Lair:3   | Found a frozen archway.
 18554 | IceCv    | Entered an ice cave
 18752 | IceCv    | XOM: enchant monster (bad)
 18755 | IceCv    | XOM: cast spell 'Summon Hydra'
 18872 | IceCv    | Gained mutation: You have a pair of large antennae on your head. (SInv) [demonic ancestry]
 18872 | IceCv    | Reached XP level 12. HP: 91/94 MP: 16/18
 19209 | IceCv    | XOM: mild Erth miscast
 19454 | IceCv    | XOM: mild Fire miscast
 19575 | IceCv    | XOM: cast spell 'Dispersal'
 19722 | IceCv    | XOM: enchant monster (bad)
 19741 | IceCv    | XOM: polymorph yak -> tengu
 19749 | IceCv    | Reached skill level 5 in Stealth
 19763 | IceCv    | XOM: divination: magic mapping
 19765 | IceCv    | XOM: cast spell 'Leda's Liquefaction'
 19772 | IceCv    | XOM: divination: detect creatures
 19777 | IceCv    | XOM: divination: detect items
 19849 | IceCv    | XOM: mild Fire miscast
 19942 | IceCv    | XOM: enchant monster (bad)
 20205 | IceCv    | XOM: scenery: create altars
 20425 | IceCv    | XOM: give mutations
 20425 | IceCv    | Gained mutation: You are highly resistant to hostile enchantments. (MR++) [Xom's grace]
 20425 | IceCv    | Gained mutation: You rapidly evolve. [Xom's grace]
 20450 | IceCv    | Lost mutation: Your spells are much harder to cast, but much more powerful. [evolution]
 20559 | IceCv    | XOM: divination: detect creatures
 20600 | IceCv    | XOM: harmless Erth miscast
 20660 | IceCv    | XOM: cast spell 'Necromutation'
 20664 | IceCv    | XOM: smoke on damage
 20672 | IceCv    | XOM: divine lightning
 20677 | IceCv    | Noticed a frost giant
 20686 | IceCv    | Noticed a sphinx
 20686 | IceCv    | a frost giant changed into a sphinx
 20686 | IceCv    | XOM: cleaving
 20686 | IceCv    | Noticed a stone giant
 20686 | IceCv    | a sphinx changed into a stone giant
 20714 | IceCv    | Noticed a five-headed hydra
 20714 | IceCv    | a stone giant changed into a five-headed hydra
 20716 | IceCv    | Killed a five-headed hydra
 20872 | IceCv    | XOM: noise
 20932 | IceCv    | XOM: cloud trail
 20935 | IceCv    | Got a brightly glowing halberd {chop}
 20989 | Lair:3   | Identified the +5 halberd of the Sun {chop, rC+ rN+} (You found it in an ice cave)
 21049 | Lair:3   | Noticed a four-headed hydra
 21050 | Lair:3   | XOM: 4-stop teleportation journey
 21109 | Lair:3   | XOM: enchant monster (good)
 21147 | Lair:3   | XOM: enchant monster (good)
 21415 | Lair:3   | Reached skill level 1 in Transmutations
 21447 | Lair:3   | Noticed a six-headed hydra
 21453 | Lair:3   | Killed a six-headed hydra
 21467 | Lair:3   | Killed a one-headed hydra
 21467 | Lair:3   | Reached skill level 1 in Polearms
 21467 | Lair:3   | Reached skill level 5 in Spellcasting
 21474 | Lair:3   | XOM: god gift: 20 arrows
 21670 | Lair:3   | XOM: destruction
 21703 | Lair:3   | XOM: fog
 21887 | Lair:3   | XOM: divination: detect items
 21989 | Lair:3   | Noticed Fannar
 21993 | Lair:3   | XOM: confuse monster(s)
 22003 | Lair:3   | Killed Fannar
 22070 | Lair:3   | Reached skill level 5 in Hexes
 22070 | Lair:3   | Reached skill level 5 in Necromancy
 22254 | Lair:4   | Noticed a four-headed hydra
 22261 | Lair:4   | XOM: destruction
 22266 | Lair:4   | Killed a two-headed hydra
 22475 | Lair:4   | Found a staircase to the Snake Pit.
 22704 | Lair:4   | Reached XP level 13. HP: 63/101 MP: 12/20
 22797 | Lair:4   | XOM: polymorph swamp worm -> slime creature
 23145 | Lair:5   | XOM: polymorph crocodile -> golden eye
 23509 | Lair:5   | XOM: 1-stop teleportation journey
 23597 | Lair:5   | XOM: stat loss: -1 Dex (16/17)
 23645 | Lair:5   | XOM: 1-stop teleportation journey
 23694 | Lair:5   | XOM: summons 6 hostile demons
 23720 | Lair:5   | XOM: harmless Fire miscast
 24562 | Lair:5   | XOM: divination: detect items
 24650 | Lair:6   | Entered Level 6 of the Lair of Beasts
 24650 | Lair:6   | Noticed Snorg
 24682 | Lair:6   | Found a staircase to the Slime Pits.
 24742 | Lair:1   | XOM: mild Ice miscast
 24766 | Lair:1   | XOM: give mutations
 24766 | Lair:1   | Lost mutation: Scrolls take you longer to read. [Xom's mischief]
 24766 | Lair:1   | Lost mutation: You expend magic power (3 MP) to strengthen your wands. [Xom's mischief]
 24766 | Lair:1   | Lost mutation: You rapidly evolve. [Xom's mischief]
 24813 | Lair:1   | Killed Gastronok
 24849 | D:11     | XOM: give mutations
 24849 | D:11     | Lost mutation: You are highly resistant to hostile enchantments. (MR++) [Xom's mischief]
 24849 | D:11     | Gained mutation: Armour fits poorly on your strangely shaped body. [Xom's mischief]
 24849 | D:11     | Lost mutation: You evolve. [Xom's mischief]
 25246 | D:12     | XOM: summons 1 hostile demon
 25523 | D:11     | XOM: mild Fire miscast
 25765 | D:11     | XOM: harmless Ice miscast
 26242 | D:12     | XOM: scenery: 1 doors open
 26484 | D:12     | Learned a level 2 spell: Blink
 26501 | D:12     | XOM: medium Conj miscast
 26672 | D:10     | Learned a level 3 spell: Mephitic Cloud
 26697 | D:10     | Found a staircase to the Orcish Mines.
 26702 | D:10     | XOM: summons friendly ufetubus
 27085 | Orc:1    | Entered Level 1 of the Orcish Mines
 27286 | Orc:1    | Found a shimmering altar of Xom.
 27402 | Orc:1    | XOM: scenery: create altars
 27457 | Orc:1    | Found Uloum's Weapon Shoppe.
 27569 | Orc:1    | Reached skill level 5 in Polearms
 27700 | Orc:2    | XOM: noise
 27700 | Orc:2    | Entered Level 2 of the Orcish Mines
 28013 | Orc:2    | XOM: summons friendly white imp
 28017 | Orc:2    | XOM: god gift: potion of curing
 28300 | Orc:1    | Learned a level 3 spell: Dazzling Spray
 28748 | Lair:5   | XOM: potion effect (invisibility)
 28824 | Lair:6   | Killed Snorg
 28826 | Lair:6   | Reached skill level 1 in Conjurations
 28845 | Lair:6   | Reached skill level 10 in Fighting
 28847 | Lair:6   | Gained mutation: Your body sometimes deteriorates upon taking damage. [mutagenic glow]
 28902 | Lair:6   | XOM: medium Necr miscast
 29244 | Lair:6   | Mutation became permanent: Your flesh is cold resistant. (rC+) [demonic ancestry]
 29244 | Lair:6   | Gained mutation: Your flesh is cold resistant. (rC+) [demonic ancestry]
 29244 | Lair:6   | Reached XP level 14. HP: 88/110 MP: 16/23
 29868 | Lair:6   | XOM: 4-stop teleportation journey
 30110 | D:10     | XOM: summons 1 hostile demon
 30678 | Lair:6   | Reached skill level 1 in Long Blades
 30700 | Lair:6   | XOM: 7-stop teleportation journey
 30743 | Lair:6   | XOM: harmless Conj miscast
 30954 | Lair:6   | XOM: give mutation
 30954 | Lair:6   | Gained mutation: Your mind is acute. (Int +2) [Xom's grace]
 31070 | Lair:6   | XOM: enchant monster (bad)
 31475 | Lair:1   | XOM: torment (56/110 hp)
 31841 | Orc:1    | XOM: harmless Tloc miscast
 31967 | Orc:2    | XOM: divination: magic mapping
 31997 | Orc:2    | Found a burning altar of Makhleb.
 32031 | Orc:2    | Found a staircase to the Elven Halls.
 32113 | Orc:2    | XOM: give mutations
 32113 | Orc:2    | Lost mutation: Scrolls take you a little longer to read. [Xom's mischief]
 32113 | Orc:2    | Gained mutation: Your muscles are strong. (Str +2) [Xom's mischief]
 32113 | Orc:2    | Lost mutation: Your muscles are strong. (Str +2) [Xom's mischief]
 32113 | Orc:2    | Lost mutation: Your mind is acute. (Int +2) [Xom's mischief]
 32387 | Orc:2    | XOM: 3-stop teleportation journey
 32453 | Orc:2    | XOM: mild Ice miscast
 32504 | Orc:2    | XOM: give mutation
 32504 | Orc:2    | Lost mutation: You are resistant to hostile enchantments. (MR+) [Xom's mischief]
 32801 | Orc:2    | XOM: confuse monster(s)
 32804 | Orc:2    | XOM: medium Air miscast
 32809 | Orc:2    | XOM: enchant monster (good)
 32811 | Orc:2    | XOM: summons 14 friendly demons
 32951 | Orc:2    | Paralysed by an orc sorcerer for 7 turns
 32992 | Orc:2    | XOM: god gift: 2150 gold pieces
 33048 | Orc:2    | Paralysed by an orc sorcerer for 3 turns
 33100 | Orc:2    | XOM: give mutation
 33100 | Orc:2    | Gained mutation: You have an increased reservoir of magic. (+10% MP) [Xom's grace]
 33157 | Orc:2    | XOM: chaos upgrade
 33199 | Orc:2    | Found Ekhal's Weapon Emporium.
 33207 | Orc:2    | Found Emaaguem's Food Boutique.
 33213 | Orc:2    | Found Jyuneceg's Antique Weapon Emporium.
 33213 | Orc:2    | Found Jugg's Magic Scroll Boutique.
 33272 | Orc:2    | Bought a scroll of enchant armour for 105 gold pieces
 33272 | Orc:2    | Bought a scroll of brand weapon for 280 gold pieces
 33272 | Orc:2    | Bought a scroll of enchant armour for 105 gold pieces
 33288 | Orc:2    | Bought an executioner's axe for 230 gold pieces
 33288 | Orc:2    | Bought a glowing fustibalus for 414 gold pieces
 33309 | Orc:2    | Bought a scroll of acquirement for 728 gold pieces
 33319 | Orc:2    | Got a crude bone amulet
 33320 | Orc:2    | Identified the amulet "Penaosoc" {rC- rN++ Regen+ Int+9} (You acquired it on level 2 of the Orcish Mines)
 33363 | Orc:2    | Bought a scroll of immolation for 49 gold pieces
 33363 | Orc:2    | Bought a scroll of immolation for 49 gold pieces
 33410 | Orc:2    | XOM: mild Chrm miscast
 33765 | Elf:1    | Entered Level 1 of the Elven Halls
 34198 | D:13     | XOM: mild Chrm miscast
 34200 | D:13     | Reached skill level 11 in Axes
 34394 | D:13     | XOM: medium Erth miscast
 34593 | D:13     | Found Isuax's Antique Weapon Shoppe.
 34714 | D:13     | XOM: give mutations
 34714 | D:13     | Gained mutation: Scrolls take you a little longer to read. [Xom's mischief]
 34714 | D:13     | Gained mutation: You occasionally shout uncontrollably at your foes. [Xom's mischief]
 34878 | D:13     | XOM: summons 6 hostile demons
 34971 | D:13     | Reached skill level 5 in Dodging
 35425 | D:14     | XOM: chaos cloud
 35502 | D:14     | XOM: enchant monster (bad)
 35635 | D:14     | XOM: medium Hex miscast
 35653 | D:14     | XOM: confuse monster(s)
 35667 | D:14     | XOM: polymorph orange demon -> ice devil
 35670 | D:14     | Reached skill level 1 in Charms
 35679 | D:14     | XOM: 7-stop teleportation journey
 35725 | D:14     | XOM: cleaving
 35786 | D:14     | Found a gate to the Vaults.
 35987 | D:14     | XOM: potion effect (curing)
 35992 | D:14     | XOM: harmless Tmut miscast
 36164 | D:14     | XOM: potion effect (curing)
 36278 | D:14     | XOM: cast spell 'Necromutation'
 36343 | D:14     | XOM: summons friendly crimson imp
 36554 | D:14     | XOM: give mutations
 36554 | D:14     | Gained mutation: You are robust. (+10% HP) [Xom's grace]
 36554 | D:14     | Gained mutation: You are very robust. (+20% HP) [Xom's grace]
 36554 | D:14     | Gained mutation: Your system is resistant to poisons. (rPois) [Xom's grace]
 36554 | D:14     | Gained mutation: Your muscles are strong. (Str +2) [Xom's grace]
 36627 | D:14     | Gained mutation: You are powered by pain. [demonic ancestry]
 36627 | D:14     | Reached XP level 15. HP: 140/140 MP: 28/28
 36979 | D:14     | XOM: give mutations
 36979 | D:14     | Gained mutation: You are somewhat resistant to further mutation. [Xom's grace]
 36979 | D:14     | Gained mutation: Your muscles are very strong. (Str +4) [Xom's grace]
 36979 | D:14     | Gained mutation: Your flesh is very cold resistant. (rC++) [Xom's grace]
 37153 | Lair:4   | Found a staircase to the Swamp.
 37273 | Swamp:1  | Entered Level 1 of the Swamp
 37338 | Swamp:1  | Noticed a thorn hunter
 37340 | Swamp:1  | XOM: summons friendly shadow imp
 37342 | Swamp:1  | XOM: summons 3 friendly demons
 37349 | Swamp:1  | Killed a thorn hunter
 37508 | Swamp:1  | Reached skill level 5 in Evocations
 37602 | Swamp:1  | You fall through a shaft!
 37622 | Swamp:2  | XOM: noise
 37650 | Swamp:2  | Noticed a thorn hunter
 37666 | Swamp:2  | Killed a thorn hunter
 37804 | Swamp:1  | Reached skill level 12 in Axes
 37965 | Swamp:1  | XOM: give mutations
 37965 | Swamp:1  | Lost mutation: You possess an exceptional clarity of mind. [Xom's mischief]
 37965 | Swamp:1  | Lost mutation: Scrolls take you a little longer to read. [Xom's mischief]
 37965 | Swamp:1  | Lost mutation: Your system is resistant to poisons. (rPois) [Xom's mischief]
 37965 | Swamp:1  | Lost mutation: You have razor-sharp toenails. [Xom's mischief]
 38224 | Swamp:2  | Paralysed by a hornet for 1 turns
 38313 | Swamp:2  | XOM: give mutations
 38313 | Swamp:2  | Lost mutation: Your body sometimes deteriorates upon taking damage. [Xom's mischief]
 38313 | Swamp:2  | Lost mutation: Your muscles are very strong. (Str +4) [Xom's mischief]
 38313 | Swamp:2  | Lost mutation: You have sharp toenails. [Xom's mischief]
 38313 | Swamp:2  | Lost mutation: Your muscles are strong. (Str +2) [Xom's mischief]
 38667 | Swamp:2  | XOM: summons 14 friendly demons
 38797 | Swamp:2  | Paralysed by a hornet for 1 turns
 38930 | Swamp:2  | XOM: harmless Fire miscast
 39448 | Swamp:3  | Noticed Bai Suzhen
 39553 | Swamp:3  | XOM: scenery: create altars
 39663 | Swamp:3  | XOM: summons friendly ufetubus
 39792 | Swamp:3  | Noticed Roxanne
 39946 | Swamp:3  | XOM: summons friendly quasit
 40025 | Swamp:3  | Paralysed by a hornet for 1 turns
 40239 | Swamp:3  | XOM: enchant monster (good)
 40248 | Swamp:3  | Killed Bai Suzhen
 40409 | Swamp:3  | XOM: god gift: crooked jewelled staff {god gift}
 40565 | Lair:4   | Learned a level 3 spell: Conjure Flame
 40571 | Lair:4   | Learned a level 3 spell: Portal Projectile
 40690 | Swamp:3  | Killed Roxanne
 40768 | Swamp:4  | Entered Level 4 of the Swamp
 40801 | Swamp:4  | XOM: enchant monster (bad)
 40892 | Swamp:4  | Noticed a thorn hunter
 40903 | Swamp:4  | Killed a thorn hunter
 40924 | Swamp:4  | Got a spiked leather armour
 40935 | Swamp:4  | Reached skill level 13 in Axes
 40951 | Swamp:4  | XOM: enchant monster (good)
 40965 | Swamp:4  | XOM: potion effect (agility)
 40968 | Swamp:4  | Paralysed by a hornet for 1 turns
 41084 | Swamp:4  | XOM: divination: magic mapping
 41301 | Swamp:4  | Reached XP level 16. HP: 101/151 MP: 29/29
 41305 | Swamp:4  | XOM: summons friendly iron imp
 41322 | Swamp:4  | XOM: polymorph iron imp -> shadow imp
 41350 | Swamp:4  | XOM: mild Tloc miscast
 41376 | Swamp:4  | XOM: polymorph shadow imp -> crimson imp
 41490 | Swamp:4  | XOM: mild Pois miscast
 41980 | Swamp:4  | Noticed a bone dragon
 41993 | Swamp:4  | XOM: confuse monster(s)
 41999 | Swamp:4  | Killed a bone dragon
 42265 | Swamp:4  | XOM: harmless Erth miscast
 42358 | Swamp:4  | Got a decaying rune of Zot
 42492 | Swamp:4  | Identified the cursed +0 leather armour of Supple Strength {+Blink rPois MR+++ Int-5} (You found it on level 4 of the Swamp)
 43126 | Elf:1    | XOM: divination: detect creatures
 43143 | Elf:1    | XOM: potion effect (magic)
 43448 | Elf:1    | XOM: cast spell 'Summon Butterflies'
 43556 | Elf:1    | Noticed Nikola
 43564 | Elf:1    | XOM: cleaving
 43568 | Elf:1    | Killed Nikola
 43568 | Elf:1    | Reached skill level 10 in Armour
 43666 | Elf:1    | Found Banydune's General Store.
 43677 | Elf:1    | Bought a scroll of fog for 36 gold pieces
 43677 | Elf:1    | Bought a potion of resistance for 180 gold pieces
 43677 | Elf:1    | Bought a scroll of blinking for 135 gold pieces
 43677 | Elf:1    | Bought a scroll of magic mapping for 63 gold pieces
 43687 | Elf:1    | Found Utyust's Antique Weapon Shoppe.
 43821 | Elf:1    | Found Joshivao's Magic Scroll Boutique.
 43826 | Elf:1    | Bought a scroll of teleportation for 33 gold pieces
 43826 | Elf:1    | Bought a scroll of magic mapping for 38 gold pieces
 43826 | Elf:1    | Bought a scroll of identify for 22 gold pieces
 43826 | Elf:1    | Bought a scroll of teleportation for 33 gold pieces
 43826 | Elf:1    | Bought a scroll of immolation for 38 gold pieces
 43839 | Elf:1    | XOM: harmless Tmut miscast
 44071 | Elf:1    | Reached skill level 10 in Necromancy
 44151 | Elf:1    | XOM: smoke on damage
 44183 | Elf:1    | XOM: summons 2 hostile demons
 44291 | Elf:1    | XOM: give mutations
 44291 | Elf:1    | Lost mutation: Your spells are harder to cast, but more powerful. [Xom's mischief]
 44291 | Elf:1    | Lost mutation: You passively map a small area around you. [Xom's mischief]
 44319 | Elf:1    | XOM: cast spell 'Summon Butterflies'
 44384 | Elf:1    | XOM: smoke on damage
 44413 | Elf:1    | XOM: harmless Erth miscast
 44434 | Elf:1    | Identified the Almanac of Necromancy
 44451 | Elf:1    | Learned a level 5 spell: Excruciating Wounds
 44467 | Elf:1    | XOM: harmless Ice miscast
 44531 | Elf:1    | Bought a brightly glowing hand crossbow for 306 gold pieces
 44531 | Elf:1    | Identified the +8 hand crossbow "Cipooski" {freeze, rElec Str+5 Dex-2 SInv} (You bought it in a shop on level 1 of the Elven Halls)
 44567 | Elf:2    | XOM: polymorph deep elf mage -> salamander
 44575 | Elf:2    | XOM: confuse monster(s)
 44582 | Elf:2    | XOM: confuse monster(s)
 44637 | Elf:2    | XOM: enchant monster (good)
 44647 | Elf:2    | XOM: enchant monster (good)
 44652 | Elf:2    | Reached skill level 14 in Axes
 44661 | Elf:2    | XOM: divination: detect items
 44669 | Elf:2    | XOM: smoke on damage
 44680 | Elf:2    | XOM: smoke on damage
 44854 | Elf:2    | XOM: confuse monster(s)
 44930 | Elf:2    | XOM: fog
 44948 | Elf:2    | Killed from afar by a deep elf knight

Vault maps used:
D:1:      dpeg_arrival_circle_labyrinth_c, minmay_misc_feat_secret_circle
D:2:      cheibrodos_greedy_goblins, minmay_misc_feat_alley,
          nicolae_ru_the_path_less_chosen
D:3:      cheibriados_altar_1
D:4:      serial_shops, nicolae_shop_competitors_out_of_business,
          nicolae_shop_window_shopping, hangedman_decor_lopped, uniq_eustachio
D:5:      first_ration, uniq_menkaure
D:6:      minmay_temple_entry_enclosed_plants, xom_teletrap_fun, uniq_duvessa
D:8:      serial_shops, nicolae_shop_window_shopping, lightli_orcish_oven,
          uniq_joseph
D:9:      grunt_temple_overflow_cloverleaf, lemuel_crystal_altar,
          david_nohive_1, hangedman_decor_push, uniq_erolcha
D:10:     kennysheep_orc_monster_closet_entryway, serial_ice, serial_ice_d,
          serial_ice_o, serial_ice_c, serial_ice_i, serial_ice_h, serial_ice_e,
          serial_ice_f, stair_cage_wide, minmay_guarded_unrand_resistance,
          uniq_harold
D:11:     lair_entry_dummy, fedhas_altar_2
D:13:     serial_shops, shop, minivault_1
D:14:     erik_vaults_2, serial_park_square3
Lair:1:   lemuel_ratsnest, uniq_erica, uniq_gastronok
Lair:2:   grunt_megastairs_5
Lair:3:   portal_ice_cave_demonic_guard, uniq_fannar
Lair:4:   nicolae_swamp_entry_splash_gauntlet, dummy_snake_entry,
          beast_lair_carwin_5
Lair:5:   lemuel_fruit_fields
Lair:6:   evil_forest, slime_dummy, serial_bayou_shore_a, uniq_snorg
Swamp:1:  nicolae_swamp_feature_on_the_river_bank
Swamp:2:  evilmike_swamp_ruin_rubble_2
Swamp:3:  evilmike_swamp_ruin_rubble_1, infiniplex_staircase_pool_2,
          uniq_bai_suzhen, uniq_roxanne
Swamp:4:  swamp_pestilence, swamp_pool4
Orc:1:    serial_shops, nicolae_shop_crystal, basic_altar
Orc:2:    st_orc_elflike, basic_altar, nicolae_orc_stony_grotto,
          nicolae_orc_flooded_monolith
Elf:1:    serial_shops, shop_scrolls, nicolae_shop_competitors_out_of_business,
          nicolae_shop_trees, minmay_elf_necromancy, guppyfry_library_mini,
          uniq_nikola
IceCv:    ice_cave_caverns_02

Skill      XL: |  1  2  3  4  5  6  7  8  9 10 11 12 13 14 15 16 |
---------------+-------------------------------------------------+-----
Dodging        | 1 2 3 4 5 |  5.6
Axes           | 3 4 6 7 9 10 11 13 14 | 14.0
Armour         | 2 3 4 5 6 7 8 9 10 | 10.1
Throwing       | 1 2 |  2.3
Slings         | 1 2 4 5 6 7 8 9 |  9.0
Fighting       | 4 5 6 7 8 9 10 11 12 | 12.0
Stealth        | 1 3 4 5 |  5.8
Spellcasting   | 2 3 4 5 6 7 8 |  8.1
Evocations     | 1 2 4 6 7 |  7.7
Hexes          | 1 3 5 6 |  6.0
Necromancy     | 1 3 5 6 8 9 10 | 10.2
Transmutations | 1 |  1.8
Polearms       | 3 5 |  5.9
Conjurations   | 1 2 |  2.1
Long Blades    | 1 |  1.5
Charms         | 1 |  1.8
Shields        | |  0.1
Fire Magic     | |  0.9

Action                   |  1- 3 |  4- 6 |  7- 9 | 10-12 | 13-15 | 16-18 || total
-------------------------+-------+-------+-------+-------+-------+-------++-------
Melee: Hand axe          |    90 |    95 |   410 |   982 |    19 |       ||  1596
       Halberd           |       |       |       |    87 |   359 |       ||   446
       Scimitar          |       |       |       |     8 |    50 |       ||    58
       Battleaxe         |       |       |       |       |   761 |   410 ||  1171
 Fire: Hunting sling     |    34 |    33 |   116 |   226 |   103 |       ||   512
       Fustibalus        |       |       |       |       |   121 |    59 ||   180
Throw: Stone             |     4 |       |       |       |       |       ||     4
       Javelin           |     5 |    13 |    18 |     4 |    26 |     2 ||    68
 Cast: Regeneration      |       |       |       |     4 |    72 |    55 ||   131
       Animate Dead      |       |       |       |     7 |    42 |     9 ||    58
       Ensorcelled Hiber |       |       |       |     1 |     1 |       ||     2
       Tukima's Dance    |       |       |       |       |    72 |    42 ||   114
       Vampiric Draining |       |       |       |       |     4 |       ||     4
       Dazzling Spray    |       |       |       |       |    13 |       ||    13
       Mephitic Cloud    |       |       |       |       |     1 |       ||     1
       Blink             |       |       |       |       |     3 |     3 ||     6
       Portal Projectile |       |       |       |       |     5 |     5 ||    10
       Conjure Flame     |       |       |       |       |     2 |    21 ||    23
       Excruciating Woun |       |       |       |       |       |     2 ||     2
Evoke: Wand              |       |       |     5 |    40 |    27 |     1 ||    73
       Phial of floods   |       |       |       |       |     1 |       ||     1
  Use: Scroll            |       |     2 |    16 |    10 |    24 |     8 ||    60
       Potion            |       |     1 |     8 |     6 |    25 |     4 ||    44
 Stab: Paralysed         |     1 |       |     6 |     6 |     2 |       ||    15
       Confused          |       |     1 |     4 |    11 |     1 |       ||    17
       Distracted        |       |       |     5 |     5 |     3 |     3 ||    16
       Petrified         |       |       |     5 |    28 |       |       ||    33
       Sleeping          |       |       |     4 |     7 |    11 |     1 ||    23
       Petrifying        |       |       |       |    10 |       |       ||    10
       Invisible         |       |       |       |       |    11 |       ||    11
  Eat: Chunk             |     1 |     7 |    10 |    28 |    34 |       ||    80
       Ration            |       |       |     3 |     8 |    15 |     6 ||    32
Armor: Leather armour    |    51 |    43 |   166 |   260 |       |       ||   520
       Scale mail        |       |       |       |   196 |   657 |   227 ||  1080
       Skin              |       |       |       |       |   146 |       ||   146
Dodge: Dodged            |    78 |    67 |   247 |   663 |   926 |   319 ||  2300
       Deflected         |       |       |       |     5 |    18 |       ||    23
Block: Other             |       |       |       |       |    61 |       ||    61
       Reflection        |       |       |       |       |     3 |       ||     3
       Shield            |       |       |       |       |    12 |       ||    12
       Rpst.: Scimitar   |       |       |       |     3 |    12 |       ||    15

Table legend:
 A = Spawn XP
 B = Non-spawn XP
 C = Spawn XP percentage of total XP
 D = Spawn monster count
 E = Non-spawn monster count
 F = Spawn count percentage of total count
 G = Total turns spent on level
                    A         B        C        D         E        F      G
               +---------+---------+-------+---------+---------+-------+---------
         Total |       0 |  202201 |   0.0 |       0 |     971 |   0.0 | 44948
               +---------+---------+-------+---------+---------+-------+---------
           D:1 |       0 |      25 |   0.0 |       0 |      15 |   0.0 |   869
           D:2 |       0 |     118 |   0.0 |       0 |      30 |   0.0 |  1052
           D:3 |       0 |     117 |   0.0 |       0 |      18 |   0.0 |   921
           D:4 |       0 |     632 |   0.0 |       0 |      30 |   0.0 |  1387
           D:5 |       0 |     655 |   0.0 |       0 |      15 |   0.0 |  1049
           D:6 |       0 |     732 |   0.0 |       0 |      31 |   0.0 |  1513
           D:7 |       0 |    1136 |   0.0 |       0 |      18 |   0.0 |   993
           D:8 |       0 |    1366 |   0.0 |       0 |      26 |   0.0 |  1981
           D:9 |       0 |    2682 |   0.0 |       0 |      43 |   0.0 |  1901
          D:10 |       0 |    4403 |   0.0 |       0 |      53 |   0.0 |  3071
          D:11 |       0 |    4354 |   0.0 |       0 |      36 |   0.0 |  2004
          D:12 |       0 |    3915 |   0.0 |       0 |      22 |   0.0 |  1384
          D:13 |       0 |    6511 |   0.0 |       0 |      32 |   0.0 |  1352
          D:14 |       0 |   16154 |   0.0 |       0 |      44 |   0.0 |  1685
        Lair:1 |       0 |    5607 |   0.0 |       0 |      62 |   0.0 |  2228
        Lair:2 |       0 |    2239 |   0.0 |       0 |      12 |   0.0 |  1759
        Lair:3 |       0 |    5087 |   0.0 |       0 |      16 |   0.0 |  1389
        Lair:4 |       0 |    5246 |   0.0 |       0 |      28 |   0.0 |  1312
        Lair:5 |       0 |    5457 |   0.0 |       0 |      23 |   0.0 |  1962
        Lair:6 |       0 |   17309 |   0.0 |       0 |      64 |   0.0 |  1675
       Swamp:1 |       0 |    7710 |   0.0 |       0 |      22 |   0.0 |   909
       Swamp:2 |       0 |   11082 |   0.0 |       0 |      27 |   0.0 |  1576
       Swamp:3 |       0 |   19938 |   0.0 |       0 |      40 |   0.0 |  1052
       Swamp:4 |       0 |   27730 |   0.0 |       0 |      82 |   0.0 |  1758
         Orc:1 |       0 |    1574 |   0.0 |       0 |      19 |   0.0 |  1438
         Orc:2 |       0 |    8821 |   0.0 |       0 |      53 |   0.0 |  2227
         Elf:1 |       0 |   25556 |   0.0 |       0 |      49 |   0.0 |  1854
         Elf:2 |       0 |    7329 |   0.0 |       0 |      14 |   0.0 |   216
         IceCv |       0 |    8716 |   0.0 |       0 |      47 |   0.0 |  2431
               +---------+---------+-------+---------+---------+-------+---------
